 Dungeon Crawl Stone Soup version 0.31-a0-435-g2c6fae2916 (webtiles) character file.

Game seed: 4533733432999553850

503 lunkers the Ruffian (level 7, -3/57 HPs)
             Began as a Meteoran Shapeshifter on Aug 1, 2023.
             Slain by an orc warrior
             ... wielding a +0 mace
              (6 damage)
             ... on level 5 of the Dungeon.
             The game lasted 00:04:23 (1576 turns).

lunkers the Ruffian (Meteoran Shapeshifter)         Turns: 1576, Time: 00:04:23

Health: -3/57      AC:  8    Str: 17    XL:     7   Next: 68%
Magic:  8/8        EV:  9    Int: 10    God:
Gold:   161        SH:  0    Dex: 16    Spells: 6/6 levels left

rFire   . .          .
                       - Unarmed
rCold   . . .        (no shield)
rNeg    . . .        j - +0 chain mail
rPois   .            (helmet currently unavailable)
rElec   .            (cloak currently unavailable)
rCorr   .            (gloves currently unavailable)
SInv    .            (boots currently unavailable)
Will    .....        i - amulet of the acrobat Stlth
                     (no ring)
HPRegen 0.29/turn    (no ring)
MPRegen 0.11/turn

%: acrobat
@: mighty, beast-form, glowing
A: beast (slay +3), sense surroundings 1, otherworldly, glowing, explore regen
a: Begin Untransformation


You were on level 5 of the Dungeon.
You were a hulking beast.
You visited 1 branch of the dungeon, and saw 5 of its levels.

You collected 161 gold pieces.

Inventory:

Armour
 f - a +2 pair of gloves
 j - a +0 chain mail (worn)
Jewellery
 a - an amulet of magic regeneration
 i - an amulet of the acrobat (around neck)
Talismans
 c - a beast talisman (active)
Wands
 g - a wand of mindburst (22)
Scrolls
 k - 2 scrolls of teleportation
Potions
 d - 2 potions of might
 e - a potion of invisibility
 h - a potion of curing
 n - 3 potions of mutation
 o - a potion of berserk rage {unknown}


   Skills:
 + Level 3.5 Fighting
 + Level 4.5 Dodging
 * Level 6.6 Unarmed Combat
 + Level 4.9 Shapeshifting


You had 6 spell levels left.
You didn't know any spells.
Your spell library contained the following spells:

 Spells                   Type           Power      Damage    Failure   Level
 Cigotuvi's Dreadful Rot  Necr/Pois/Air  0%         N/A       100%        2
 Ignite Poison            Fire/Tmut/Pois 0%         N/A       100%        3
 Freezing Cloud           Conj/Ice/Air   0%         6-21      100%        5


Dungeon Overview and Level Annotations

Branches:
Dungeon (5/15) Zot: 1439
 Temple: D:4-7

Altars:
Elyvilon
Hepliaklqana
Qazlal
Vehumet
Yredelemnul


Innate Abilities, Weirdness & Mutations

You are a hulking beast.
Your limbs bulge with bestial killing power. (Slay +3)
You passively map a small area around you.
You are easily found by Zot.
You glow in the dark.
You regain HP and MP as you explore.


Message History

The orc priest invokes the aid of Beogh against you.
Beogh smites you!
* * * LOW HITPOINT WARNING * * *
The orc attacks as you move away! The orc misses you.
The orc attacks as you move away! The orc closely misses you.
An orc comes into view. It is wielding a +0 club.
Found an iron wand.
The orc shouts!
The orc throws a boomerang.
The boomerang completely misses you.
The orc jeers noisily.
You hit the orc.
The orc is moderately wounded.
The orc hits you with a +0 club.
* * * LOW HITPOINT WARNING * * *
The orc attacks as you move away! The orc closely misses you.
The orc hits you with a +0 club.
* * * LOW HITPOINT WARNING * * *
You closely miss the orc. The orc hits you with a +0 club.
* * * LOW HITPOINT WARNING * * *
You closely miss the orc. The orc misses you.
Unknown command.
You hit the orc.
The orc is severely wounded.
The orc warrior closely misses you. The orc hits you with a +0 club.
* * * LOW HITPOINT WARNING * * *
You feel very mighty all of a sudden.
You are no longer corroded.
The orc warrior hits you with a +0 mace.
* * * LOW HITPOINT WARNING * * *
The orc barely misses you.
You hit the orc.
You kill the orc!
The orc warrior hits you with a +0 mace.
* * * LOW HITPOINT WARNING * * *
You hit the orc warrior but do no damage.
The orc warrior hits you with a +0 mace!
* * * LOW HITPOINT WARNING * * *
You pummel the orc warrior!!
The orc warrior is severely wounded.
The orc warrior hits you with a +0 mace.
You die...

#...)ยง.#####...#,
* * #..#..## #....
##.#..### *#####*
, ##.#....## ,
#......... , *
###...######** ,##
##...### ..### *
##..###
######......, , **
#..##
##oooh)...... , *
#..#
##o#####../... ,
#..# #.## ..... ,
, #..### ##.# **
#.## ####...###..#
, *,#
...........## , *
........o### * >
######.o## ** ##.#
,


You could see an orc warrior, an orc priest and 2 orcs.

Vanquished Creatures
  Eustachio (D:5)
  An ogre (D:4)
  A scorpion (D:4)
  2 jellies
  Ijyb (D:4)
  Natasha (D:2)
  Terence (D:3)
  An iguana (D:4)
  2 adders (D:2)
  A worm (D:3)
  2 dart slugs
  An orc (D:5)
  3 bats (D:1)
  6 endoplasms
  3 giant cockroaches
  3 hobgoblins
  3 jackals (D:1)
  A quokka (D:4)
  3 ball pythons
  A frilled lizard (D:1)
  4 goblins
  2 kobolds (D:1)
  A rat (D:3)
45 creatures vanquished.

Notes
Turn   | Place    | Note
-------+----------+-------------------------------------------
     0 | D:1      | lunkers the Meteoran Shapeshifter began the quest for the
                  | Orb.
     0 | D:1      | Reached XP level 1. HP: 16/16 MP: 2/2
   132 | D:1      | Reached XP level 2. HP: 12/23 MP: 3/3
   243 | D:1      | Reached skill level 4 in Unarmed Combat
   326 | D:1      | Reached XP level 3. HP: 27/28 MP: 4/4
   664 | D:2      | Noticed Natasha
   669 | D:2      | Killed Natasha
   670 | D:2      | Reached XP level 4. HP: 28/36 MP: 5/5
   764 | D:3      | Found a radiant altar of Vehumet.
   765 | D:3      | Found a basalt altar of Yredelemnul.
   765 | D:3      | Found a white marble altar of Elyvilon.
   766 | D:3      | Found a stormy altar of Qazlal.
   864 | D:3      | Noticed Terence
   872 | D:3      | Killed Terence
   873 | D:3      | Reached XP level 5. HP: 41/41 MP: 6/6
  1163 | D:4      | Reached skill level 5 in Unarmed Combat
  1199 | D:4      | Found a hazy altar of Hepliaklqana.
  1206 | D:4      | Reached XP level 6. HP: 44/50 MP: 7/7
  1340 | D:4      | Noticed Ijyb
  1354 | D:4      | Killed Ijyb
  1371 | D:4      | Noticed an ogre
  1377 | D:4      | Killed an ogre
  1378 | D:4      | Reached skill level 6 in Unarmed Combat
  1378 | D:4      | Reached XP level 7. HP: 47/57 MP: 8/8
  1443 | D:5      | Entered Level 5 of the Dungeon
  1515 | D:5      | Noticed Eustachio
  1530 | D:5      | Killed Eustachio
  1576 | D:5      | Slain by an orc warrior

Illustrated notes

Levels and vault maps discovered:
D:1:      tarquinn_simple_flora_water_f, layout_loops_ring
D:2:      layout_basic, uniq_natasha
D:3:      layout_basic, chequers_temple_overflow_statue_of_worship, uniq_terence
D:4:      layout_gridville, mainiacjoe_overflow_boulevard, uniq_ijyb
D:5:      layout_layer_cave, nicolae_shop_self_help, uniq_eustachio

Skill      XL: |  1  2  3  4  5  6 |
---------------+-------------------+-----
Unarmed Combat | 4 5 6 |  6.6
Fighting       | 2 3 |  3.5
Dodging        | 3 4 |  4.5
Shapeshifting  | 4 |  4.9

Action                     |  1- 3 |  4- 6 |  7- 9 || total
---------------------------+-------+-------+-------++-------
  Melee: Unarmed           |    61 |    75 |    26 ||   162
         Punch             |       |     2 |     2 ||     4
    Use: Potion            |       |     1 |     1 ||     2
         Scroll            |       |     8 |     2 ||    10
 Armour: Animal skin       |    13 |       |       ||    13
         Chain mail        |    13 |    20 |    13 ||    46
         Skin              |       |     3 |       ||     3
  Dodge: Dodged            |    29 |    23 |    28 ||    80

Table legend: (Time is in decaauts)
 A = Elapsed time spent in this place.
 B = Non-inter-level travel time spent in this place.
 C = Inter-level travel time spent in this place.
 D = Time resting spent in this place.
 E = Time spent auto-exploring this place.
 F = Levels seen in this place.
 G = Mean time per level.
                   A        B        C        D        E       F      G
               +--------+--------+--------+--------+--------+-----+--------+
         Total |   1559 |   1528 |     31 |     12 |   1007 |   5 |  311.8 |
       Dungeon |   1559 |   1528 |     31 |     12 |   1007 |   5 |  311.8 |
               +--------+--------+--------+--------+--------+-----+--------+

Top non-repeatable levels by time:
     D:1: 455 daAuts
     D:3: 404 daAuts
     D:4: 307 daAuts
     D:2: 263 daAuts
     D:5: 129 daAuts
